 Dungeon Crawl Stone Soup version 0.22.0-76-g6cd1571672 (webtiles) character file.

40774 Draugr the Jinx (level 13, -2/86 HPs)
             Began as a Vampire Enchanter on Sept 12, 2018.
             Was a High Priest of Sif Muna.
             Slain by a stone giant (43 damage)
             ... on level 2 of the Orcish Mines on Sept 16, 2018.
             The game lasted 01:48:48 (26487 turns).

Draugr the Jinx (Vampire Enchanter)                Turns: 26487, Time: 01:48:49

Health: -2/86      AC: 10    Str: 10    XL:     13   Next: 76%
Magic:  24/24      EV: 20    Int: 29    God:    Sif Muna [*****.]
Gold:   1151       SH:  0    Dex: 15    Spells: 4/26 levels left

rFire    + + .     SeeInvis +   f - +5 dagger (elec)
rCold    + + .     Gourm    +   (no shield)
rNeg     + + .     Faith    .   J - +2 robe {Archmagi}
rPois    +         Spirit   .   Q - +1 hat "Tic Fol" {rElec rF+ MR+ Str+3}
rElec    +         Reflect  .   b - scarf {rC+ rF+}
rCorr    .         Harm     .   m - +1 pair of gloves
MR       ++...                  S - +0 pair of boots
Stlth    ++++++....             P - amulet "Onuastoa" {Gourm rElec Int+7}
HPRegen  0.12/turn              y - +2 ring of protection
MPRegen  0.19/turn              w - +3 ring of evasion

@: regenerating slowly
A: fangs 3, see invisible, unbreathing
a: Bat Form, Divine Energy, Channel Magic, Forget Spell, Renounce Religion


You were on level 2 of the Orcish Mines.
You worshipped Sif Muna.
Sif Muna was extremely pleased with you.
You were thirsty.

You visited 3 branches of the dungeon, and saw 19 of its levels.
You also visited: Volcano.

You collected 1855 gold pieces.
You spent 704 gold pieces at shops.

Inventory:

Hand Weapons
 f - a +5 dagger of electrocution (weapon)
 p - a +2 dagger of speed
 E - a +2 short sword of protection
 T - a +2 dagger of venom
Armour
 a - a +2 robe of magic resistance
 b - a scarf of resistance (worn)
 m - a +1 pair of gloves (worn)
 r - a +1 cloak
 I - the +1 leather armour of Mysticism {rN+}
   (You found it on level 10 of the Dungeon)

   It protects you from negative energy.
 J - a +2 robe of the Archmagi (worn)
 K - a +2 helmet
 Q - the +1 hat "Tic Fol" (worn) {rElec rF+ MR+ Str+3}
   (You found it on level 5 of the Lair of Beasts)

   It affects your strength (+3).
   It protects you from fire.
   It insulates you from electricity.
   It affects your resistance to hostile enchantments.
 S - a +0 pair of boots (worn)
Jewellery
 e - an uncursed amulet of the acrobat
 o - an uncursed ring of ice
 w - a +3 ring of evasion (right hand)
 x - an uncursed ring of protection from magic
 y - a +2 ring of protection (left hand)
 H - an uncursed ring of protection from cold
 N - an uncursed ring of positive energy
 O - a +3 ring of dexterity
 P - the amulet "Onuastoa" (around neck) {Gourm rElec Int+7}
   (You found it on level 4 of the Lair of Beasts)

   [amulet of the gourmand]

   It allows you to eat raw meat even when not hungry.
   It affects your intelligence (+7).
   It insulates you from electricity.
Wands
 h - a wand of random effects (30)
 v - a wand of disintegration (45)
 F - a wand of iceblast (6)
Scrolls
 c - 3 scrolls of fog
 l - 5 scrolls of remove curse
 q - 4 scrolls of teleportation
 u - 2 scrolls of silence
 C - a scroll of fear
 D - 2 scrolls of magic mapping
 L - a scroll of amnesia
 M - a scroll of random uselessness {unknown}
Potions
 d - 35 potions of blood
 g - 3 potions of haste
 i - 3 potions of might {unknown}
 j - 3 potions of flight {unknown}
 k - 2 potions of heal wounds {unknown}
 n - 2 potions of lignification {unknown}
 s - a potion of degeneration {unknown}
 t - a potion of brilliance
 z - a potion of berserk rage {unknown}
 A - 7 potions of curing
 B - a potion of cancellation {unknown}
 G - a potion of invisibility {unknown}
 R - a potion of agility


   Skills:
 - Level 3.0 Fighting
 - Level 6.7 Short Blades
 - Level 5.0 Armour
 - Level 8.3 Dodging
 - Level 12.0 Stealth
 + Level 7.4 Spellcasting
 - Level 5.1 Conjurations
 - Level 13.1 Hexes
 - Level 5.7 Charms
 - Level 4.0 Translocations
 - Level 7.1 Ice Magic
 - Level 4.0 Air Magic
 - Level 8.0 Invocations
 - Level 3.0 Evocations


You had 4 spell levels left.
You knew the following spells:

 Your Spells              Type           Power        Failure   Level  Hunger
a - Corona                Hex            #######      1%          1    None
b - Ensorcelled Hibernat  Hex/Ice        ######       1%          2    None
c - Confuse               Hex            #######.     1%          3    None
d - Throw Icicle          Conj/Ice       ######..     4%          4    ##.....
e - Deflect Missiles      Chrm/Air       ######....   71%         6    ######.
f - Blink                 Tloc           N/A          1%          2    None
g - Cause Fear            Hex            #######...   1%          4    ##.....

Your spell library contained the following spells:

 Spells                   Type           Power        Failure   Level  Hunger
 Confusing Touch          Hex            ######       1%          1    None
 Freeze                   Ice            ####         1%          1    None
 Magic Dart               Conj           ####         1%          1    None
 Shock                    Conj/Air       ####         1%          1    None
 Shroud of Golubria       Chrm/Tloc      ######....   1%          2    None
 Slow                     Hex            #######.     1%          2    None
 Throw Frost              Conj/Ice       ######       1%          2    None
 Dazzling Spray           Conj/Hex       ######       1%          3    None
 Ozocubu's Armour         Chrm/Ice       ######..     1%          3    None
 Spectral Weapon          Hex/Chrm       #######.     1%          3    None
 Summon Guardian Golem    Hex/Summ       ######..     1%          3    None
 Tukima's Dance           Hex            #######.     1%          3    None
 Fulminant Prism          Conj/Hex       #######...   1%          4    ##.....
 Gell's Gravitas          Tloc           ######....   2%          3    None
 Animate Skeleton         Necr           N/A          4%          1    None
 Pain                     Necr           ###.         4%          1    None
 Summon Small Mammal      Summ           ###.         4%          1    None
 Mephitic Cloud           Conj/Pois/Air  #####...     4%          3    None
 Regeneration             Chrm/Necr      #####.....   4%          3    None
 Conjure Flame            Conj/Fire      #####...     5%          3    None
 Call Imp                 Summ           ###.....     8%          2    None
 Force Lance              Conj/Tloc      ######..     8%          4    ##.....
 Summon Ice Beast         Ice/Summ       #####...     12%         4    ##.....
 Call Canine Familiar     Summ           ###.....     14%         3    None
 Vampiric Draining        Necr           ###.......   14%         3    None
 Sticky Flame             Conj/Fire      #####...     17%         4    ##.....
 Summon Lightning Spire   Summ/Air       ####....     22%         4    ##.....
 Animate Dead             Necr           N/A          43%         4    ##.....
 Petrify                  Tmut/Erth      ###.....     43%         4    ##.....
 Metabolic Englaciation   Hex/Ice        #######...   2%          5    ####...
 Silence                  Hex/Air        ######....   4%          5    ####...
 Yara's Violent Unravell  Hex/Tmut       ######....   9%          5    ####...
 Venom Bolt               Conj/Pois      #####.....   43%         5    ####...
 Freezing Cloud           Conj/Ice/Air   ######....   63%         6    ######.
 Discord                  Hex            #######...   82%         8    #######
 Iron Shot                Conj/Erth      #####.....   95%         6    ######.
 Orb of Destruction       Conj           ######....   99%         7    #######
 Disjunction              Tloc           ######....   100%        8    #######


Dungeon Overview and Level Annotations

Branches:
Dungeon (11/15)            Temple (0/1) D:4            Lair (6/6) D:10
 Shoals (0/4) Lair:2       Spider (0/4) Lair:4        Slime (0/5) Lair:5
    Orc (2/2) D:11            Elf (0/3) Orc:2

Altars:
Ashenzari
Dithmenos
Gozag
Hepliaklqana
Kikubaaqudgha
Makhleb
Okawaru
Qazlal
Ru
Sif Muna
Uskayaw
Vehumet
Beogh

Shops:
D:11 ([

Annotations:
D:2 Sigmund
D:7 3 runed doors, zuik's ghost, novice DDEE
Lair:5 1 runed door, icedog's ghost, journeyman MiBe
Lair:6 Nessos


Innate Abilities, Weirdness & Mutations

You heal slowly.
You have razor-sharp teeth.
You have supernaturally acute eyesight. (SInv)
You can survive without breathing.


Message History

You climb upwards.
There is a stone staircase leading down, spattered with blood here.
Yummy - fresh blood!
You start resting.
Magic restored.
You start resting.
You are feeling thirsty.
You start resting.
HP restored.
You climb downwards.
An orc warrior comes into view. It is wielding a hand axe.
The orc warrior shouts!
The stone giant misses you.
The orc warrior shoots a bolt.
The bolt hits you! The stone giant hits you!!
There is a stone staircase leading up here.
Things that are here:
6 arrows; a tomahawk The stone giant hits you!!!
Ouch! That really hurt!
You die...

#......((.(.....## .....
#........).)...#.#....#..
#.......().((.....# ...
#..#....o(....#.## ..
#...#..o)((...### .
##.....((((....##
#......((.(.....#
##.#..[(...#..[##
##..)[@(...#.##
#...((C#.#### #..((...###
##(##.(## ## ####


You could see a stone giant and 2 orc warriors.

Vanquished Creatures
  An ettin (Orc:1)
  Snorg (D:10)
  Fannar (Orc:1)
  4 hydras
  A death yak (Lair:5)
  Urug (Lair:1)
  Nergalle (Orc:1)
  An unseen horror (D:8)
  Pikel (D:4)
  An orb spider (Lair:4)
  4 orc knights
  An orc sorcerer (Orc:2)
  A cyclops (Orc:1)
  6 elephants
  A salamander (Volcano)
  6 black mambas
  A centaur zombie (D:10)
  2 centaur skeletons (D:10)
  5 spiny frogs
  7 komodo dragons
  2 rime drakes
  A polar bear (Lair:3)
  2 trolls
  A harpy skeleton (D:10)
  Grinder (D:6)
  13 blink frogs
  A hornet (D:9)
  5 hippogriffs
  A spriggan (D:7)
  3 wyverns
  26 yaks
  3 basilisks
  A hungry ghost (D:11)
  3 wargs
  Grum (D:10)
  17 water moccasins
  6 porcupines
  24 orc warriors
  2 ice beasts
  2 sky beasts
  2 black bears
  18 wolves
  2 necrophages
  5 ogres
  6 crocodiles
  7 centaurs
  2 big kobolds
  15 bullfrogs
  A water moccasin skeleton (D:10)
  A scorpion (D:8)
  11 killer bees
  3 crimson imps
  A quasit (D:7)
  5 hounds
  9 orc priests
  A gnoll shaman (D:4)
  2 jellies
  Crazy Yiuf (D:3)
  3 bullfrog skeletons
  14 orc wizards
  Jessica (D:5)
  Ijyb (D:4)
  6 worker ants
  Natasha (thrice) (D:4)
  2 iguanas
  2 hound skeletons
  A worker ant zombie (D:5)
  9 adders
  7 gnolls
  A shadow imp (D:9)
  An ooze (D:1)
  An adder zombie (D:9)
  An adder skeleton (D:8)
  3 worms
  A dart slug (D:1)
  3 leopard geckos
  70 orcs
  6 bats
  3 giant cockroaches (D:1)
  4 goblins
  8 hobgoblins
  6 jackals
  3 quokkas
  A ball python (D:1)
  2 ball python skeletons
  2 jackal zombies (D:5)
  17 kobolds
  A leopard gecko skeleton (D:7)
  A quokka zombie (D:7)
  7 rats
445 creatures vanquished.

Vanquished Creatures (others)
  Menkaure (D:4)
  13 fungi
  24 plants
38 creatures vanquished.

Grand Total: 483 creatures vanquished

Notes
Turn   | Place    | Note
-------+----------+-------------------------------------------
     0 | D:1      | Draugr the Vampire Enchanter began the quest for the Orb.
     0 | D:1      | Reached XP level 1. HP: 13/13 MP: 3/3
   248 | D:1      | Reached XP level 2. HP: 19/19 MP: 5/5
   252 | D:1      | Learned a level 2 spell: Ensorcelled Hibernation
  1561 | D:2      | Found a burning altar of Makhleb.
  1561 | D:2      | Noticed a balrug
  1627 | D:2      | Reached XP level 3. HP: 24/24 MP: 3/6
  2037 | D:2      | Reached skill level 5 in Stealth
  2453 | D:2      | Noticed Sigmund
  4068 | D:3      | Reached XP level 4. HP: 30/30 MP: 7/7
  4183 | D:3      | Reached skill level 1 in Ice Magic
  5324 | D:3      | Found a runed door.
  5328 | D:3      | Noticed Crazy Yiuf
  5332 | D:3      | Killed Crazy Yiuf
  5332 | D:3      | Reached XP level 5. HP: 35/35 MP: 5/8
  5458 | D:4      | Noticed Menkaure
  5499 | D:5      | Entered Level 5 of the Dungeon
  6602 | D:5      | Found an opulent altar of Gozag.
  6661 | D:5      | Noticed a sky beast
  6667 | D:5      | Killed a sky beast
  6667 | D:5      | Reached XP level 6. HP: 41/41 MP: 7/12
  6916 | D:5      | Learned a level 3 spell: Confuse
  7026 | D:5      | Found a sacrificial altar of Ru.
  7200 | D:5      | Noticed Jessica
  7211 | D:5      | Killed Jessica
  7248 | D:5      | Found a deep blue altar of Sif Muna.
  7256 | D:5      | Became a worshipper of Sif Muna the Loreminder
  7328 | D:5      | Found an opulent altar of Gozag.
  7356 | D:4      | Reached skill level 5 in Spellcasting
  7370 | D:4      | Reached XP level 7. HP: 46/46 MP: 5/14
  7874 | D:4      | Found an iron altar of Okawaru.
  7931 | D:4      | Noticed Natasha
  7934 | D:4      | Killed Natasha
  7967 | D:4      | Reached skill level 1 in Fighting
  7987 | D:4      | Found a staircase to the Ecumenical Temple.
  7987 | D:4      | Noticed Ijyb
  7994 | D:4      | Killed Ijyb
  8569 | D:4      | Noticed Pikel
  8706 | D:4      | Noticed Natasha
  8712 | D:4      | Killed Natasha
  8805 | D:4      | Noticed Natasha
  8811 | D:4      | Killed Natasha
  9004 | D:4      | Found a shadowy altar of Dithmenos.
  9050 | D:4      | Killed Pikel
  9050 | D:4      | Reached XP level 8. HP: 46/58 MP: 6/15
  9056 | D:4      | Killed Menkaure
  9179 | D:4      | Found a hide-covered altar of Uskayaw.
  9180 | D:4      | Found an ancient bone altar of Kikubaaqudgha.
  9371 | D:6      | Noticed Grinder
  9384 | D:6      | Killed Grinder
  9517 | D:6      | Reached skill level 5 in Hexes
  9782 | D:7      | Reached skill level 6 in Hexes
  9782 | D:7      | Reached XP level 9. HP: 63/63 MP: 16/16
  9788 | D:7      | Learned a level 4 spell: Throw Icicle
  9813 | D:7      | Found a radiant altar of Vehumet.
  9915 | D:7      | Reached skill level 7 in Hexes
 10155 | D:7      | Found a hazy altar of Hepliaklqana.
 10201 | D:7      | Found a runed gate.
 10203 | D:7      | Found a runed gate.
 10203 | D:7      | Found an opulent altar of Gozag.
 10204 | D:7      | Found a runed gate.
 10205 | D:7      | Noticed zuik's ghost (novice DDEE)
 10593 | D:7      | Noticed an unseen horror
 10957 | D:8      | Noticed an unseen horror
 10959 | D:8      | Killed an unseen horror
 10959 | D:8      | Reached * piety under Sif Muna
 11695 | D:8      | Reached ** piety under Sif Muna
 11795 | D:8      | Found a shattered altar of Ashenzari.
 11877 | D:9      | Reached skill level 1 in Conjurations
 12120 | D:9      | Reached XP level 10. HP: 70/70 MP: 14/17
 12318 | D:9      | Found a stormy altar of Qazlal.
 12753 | D:10     | Entered Level 10 of the Dungeon
 12791 | D:10     | Got a smoking leather armour
 12858 | D:10     | Identified the +1 leather armour of Mysticism {rN+} (You
                  | found it on level 10 of the Dungeon)
 12887 | D:10     | Noticed Grum
 12896 | D:10     | Reached skill level 1 in Armour
 12907 | D:10     | Killed Grum
 13054 | D:10     | Noticed Snorg
 13994 | D:10     | Reached skill level 5 in Armour
 14142 | D:10     | Reached skill level 5 in Short Blades
 14556 | D:11     | Found Zuasein's Weapon Boutique.
 14558 | D:11     | Found a staircase to the Orcish Mines.
 14588 | D:11     | Found Uzavuim's Armour Boutique.
 14588 | D:11     | Noticed an orc knight
 14688 | D:11     | Bought a +2 robe of the Archmagi for 490 gold pieces
 14688 | D:11     | Bought a +2 helmet for 214 gold pieces
 15228 | D:10     | Killed Snorg
 15228 | D:10     | Reached skill level 9 in Hexes
 15228 | D:10     | Reached XP level 11. HP: 75/75 MP: 15/18
 15274 | D:10     | Found a staircase to the Lair.
 15372 | Lair:1   | Entered Level 1 of the Lair of Beasts
 15392 | Lair:1   | Noticed Urug
 15501 | Lair:1   | Killed Urug
 15501 | Lair:1   | Reached skill level 10 in Hexes
 15804 | Lair:1   | Learned a level 6 spell: Deflect Missiles
 16000 | Lair:1   | Reached skill level 11 in Hexes
 16011 | Lair:1   | Noticed a death yak
 16011 | Lair:1   | Noticed a five-headed hydra
 16012 | Lair:1   | Noticed a seven-headed hydra
 16020 | Lair:1   | Killed a seven-headed hydra
 16020 | Lair:1   | Reached *** piety under Sif Muna
 16248 | Lair:1   | Reached skill level 12 in Hexes
 16648 | Lair:1   | Killed a five-headed hydra
 16648 | Lair:1   | Reached skill level 13 in Hexes
 17082 | Lair:2   | Found a staircase to the Shoals.
 17111 | Lair:2   | Found a dark tunnel.
 17121 | Volcano  | Entered a volcano
 17151 | Volcano  | Noticed a salamander mystic
 17220 | Lair:2   | Reached skill level 1 in Evocations
 17384 | Lair:2   | Reached skill level 10 in Stealth
 18056 | Lair:3   | Reached skill level 1 in Charms
 18057 | Lair:3   | Found a burning altar of Makhleb.
 18062 | Lair:3   | Reached **** piety under Sif Muna
 18263 | Lair:3   | Reached XP level 12. HP: 81/81 MP: 16/21
 18335 | Lair:3   | Reached skill level 1 in Air Magic
 18347 | Lair:3   | Noticed a six-headed hydra
 18373 | Lair:3   | Killed a six-headed hydra
 19103 | Lair:3   | Reached skill level 5 in Charms
 19386 | Lair:4   | Reached ***** piety under Sif Muna
 19419 | Lair:4   | Reached skill level 1 in Invocations
 19419 | Lair:4   | Noticed an eight-headed hydra
 19605 | Lair:4   | Got a pitted iron amulet
 19607 | Lair:4   | Identified the amulet "Onuastoa" {Gourm rElec Int+7} (You
                  | found it on level 4 of the Lair of Beasts)
 20341 | Lair:4   | Reached skill level 5 in Invocations
 20594 | Lair:4   | Found a hole to the Spider Nest.
 21506 | Lair:5   | Identified Sif Muna's Disquisition on Enhancements and
                  | Arcane Weapons (Sif Muna gifted it to you on level 5 of the
                  | Lair of Beasts)
 21506 | Lair:5   | Received a gift from Sif Muna
 21721 | Lair:5   | Noticed a death yak
 21721 | Lair:5   | Noticed a death yak
 21734 | Lair:5   | Reached XP level 13. HP: 85/86 MP: 19/22
 21916 | Lair:5   | Got a crude hat
 21927 | Lair:5   | Identified the +1 hat "Tic Fol" {rElec rF+ MR+ Str+3} (You
                  | found it on level 5 of the Lair of Beasts)
 22011 | Lair:5   | Found a staircase to the Slime Pits.
 22535 | Lair:5   | Noticed icedog's ghost (journeyman MiBe)
 22538 | Lair:5   | Found a runed door.
 22579 | Lair:5   | Identified 2 scrolls of acquirement
 22886 | Lair:6   | Entered Level 6 of the Lair of Beasts
 22959 | Lair:6   | Noticed Nessos
 22984 | Lair:6   | Learned a level 2 spell: Blink
 23021 | Lair:6   | Reached skill level 1 in Translocations
 23440 | Orc:1    | Entered Level 1 of the Orcish Mines
 23550 | D:11     | Learned a level 4 spell: Cause Fear
 24170 | Orc:1    | Noticed Nergalle
 24215 | Orc:1    | Killed Nergalle
 24254 | Orc:1    | Noticed an ettin
 24283 | Orc:1    | Killed an ettin
 24577 | Orc:1    | Upgraded the game from 0.22.0-75-g3901e7991e to
                  | 0.22.0-76-g6cd1571672
 24697 | Orc:1    | Noticed Fannar
 24714 | Orc:1    | Killed Fannar
 24789 | Orc:1    | Found a roughly hewn altar of Beogh.
 24876 | Orc:1    | Reached skill level 5 in Conjurations
 25115 | Orc:2    | Entered Level 2 of the Orcish Mines
 25354 | Orc:2    | Found a roughly hewn altar of Beogh.
 25366 | Orc:2    | Identified Saukusinto's Handbook of Harmful Translocation
                  | (Sif Muna gifted it to you on level 2 of the Orcish Mines)
 25366 | Orc:2    | Received a gift from Sif Muna
 25593 | Orc:2    | Found a staircase to the Elven Halls.
 26010 | Orc:2    | Noticed a stone giant
 26487 | Orc:2    | Slain by a stone giant

Skill      XL: |  1  2  3  4  5  6  7  8  9 10 11 12 13 |
---------------+----------------------------------------+-----
Short Blades   | 2 4 6 |  6.7
Dodging        | 3 6 8 |  8.3
Stealth        | 6 9 10 12 | 12.0
Ice Magic      | 3 7 |  7.1
Spellcasting   | 4 5 6 7 |  7.4
Fighting       | 3 |  3.0
Hexes          | 6 7 9 13 | 13.1
Conjurations   | 1 3 5 |  5.1
Armour         | 5 |  5.0
Evocations     | 3 |  3.0
Charms         | 3 5 |  5.7
Air Magic      | 4 |  4.0
Invocations    | 8 |  8.0
Translocations | 4 |  4.0

Action                   |  1- 3 |  4- 6 |  7- 9 | 10-12 | 13-15 || total
-------------------------+-------+-------+-------+-------+-------++-------
Melee: Dagger            |   120 |    93 |   166 |   343 |   206 ||   928
       Bite              |    10 |     9 |     4 |    25 |    11 ||    59
 Cast: Corona            |     9 |     1 |     1 |     6 |       ||    17
       Ensorcelled Hiber |    18 |    19 |    89 |   140 |    84 ||   350
       Confuse           |       |       |     1 |    44 |    32 ||    77
       Throw Icicle      |       |       |       |     5 |    18 ||    23
       Cause Fear        |       |       |       |       |     4 ||     4
 Abil: End Transformatio |     2 |     1 |       |     3 |     1 ||     7
       Bat Form          |     2 |     1 |       |     3 |     1 ||     7
Evoke: Wand              |       |       |       |     4 |     3 ||     7
  Use: Potion            |    10 |     5 |     5 |    11 |     7 ||    38
       Scroll            |     1 |     1 |     4 |    12 |     5 ||    23
 Stab: Sleeping          |    14 |    23 |    68 |   119 |    59 ||   283
       Distracted        |       |       |     2 |     1 |     1 ||     4
       Confused          |       |       |     1 |    21 |    19 ||    41
Armor: Robe              |     9 |     5 |    35 |    61 |    48 ||   158
       Leather armour    |       |       |       |    42 |       ||    42
Dodge: Dodged            |   116 |    47 |   168 |   322 |   234 ||   887
